 Dungeon Crawl Stone Soup version 0.28.0-47-ge53b351184 (webtiles) character file.

Game seed: 5022998096712540989

63 Zeld the Skirmisher (level 3, -5/33 HPs)
             Began as a Draconian Monk on Apr 28, 2022.
             Slain by an ogre
             ... wielding a +0 giant spiked club
              (12 damage)
             ... on level 4 of the Dungeon.
             The game lasted 00:01:24 (964 turns).

Zeld the Skirmisher (Draconian Monk)                 Turns: 964, Time: 00:01:25

Health: -5/33      AC:  6    Str: 15    XL:     3   Next: 87%
Magic:  3/3        EV: 12    Int: 10    God:
Gold:   32         SH:  0    Dex: 13    Spells: 2/2 levels left

rFire   . . .      SeeInvis .   a - +0 hand axe
rCold   . . .      Faith    .   (no shield)
rNeg    . . .      Spirit   .   (armour unavailable)
rPois   .          Reflect  .   (helmet restricted)
rElec   .          Harm     .   (no cloak)
rCorr   .          Rampage  .   d - +0 pair of gloves
Will    .....                   (no boots)
Stlth   ++........              (no amulet)
HPRegen 0.11/turn               (no ring)
MPRegen 0.08/turn               (no ring)

@: no status effects
A: AC +5, unfitting armour, cold-blooded
a: no special abilities


You were on level 4 of the Dungeon.
You visited 1 branch of the dungeon, and saw 3 of its levels.

You collected 32 gold pieces.

Inventory:

Hand Weapons
 a - a +0 hand axe (weapon)
Armour
 d - a +0 pair of gloves (worn)
Scrolls
 b - a scroll of fear {unknown}
 c - a scroll of teleportation {unknown}
Potions
 e - a potion of haste {unknown}


   Skills:
 * Level 4.0 Fighting
 * Level 3.7 Axes
 + Level 3.0 Dodging
 + Level 2.3 Stealth


You had 2 spell levels left.
You didn't know any spells.
Your spell library was empty.

Dungeon Overview and Level Annotations

Branches:
Dungeon (2/15)

Altars:

Shops:
D:4 (


Innate Abilities, Weirdness & Mutations

Your plain brown scales are hard. (AC +5)
You cannot fit into any form of body armour.
You are cold-blooded and may be slowed by cold attacks.


Message History

The ogre is moderately wounded.
The ogre misses you.
Unknown command.
You hit the ogre.
The ogre is heavily wounded.
You hit the ball python but do no damage.
The ball python barely misses you. x2
The ogre hits you with a +0 giant spiked club!
Unknown command.
You hit the ogre. You tail-slap the ogre.
The ogre is severely wounded.
You hit the ball python. The ball python closely misses you. x2
The ogre hits you with a +0 giant spiked club.
The bullfrog skeleton completely misses you.
Unknown command.
You hit the ogre.
The ogre is almost dead.
You hit the ball python.
You kill the ball python!
You hit the bullfrog skeleton. The bullfrog skeleton hits you.
Unknown command.
You hit the ogre but do no damage.
The ogre is almost dead.
You hit the bullfrog skeleton.
The ogre hits you with a +0 giant spiked club!
* * * LOW HITPOINT WARNING * * *
The bullfrog skeleton barely misses you.
The bullfrog skeleton hits you but does no damage.
You barely miss the ogre.
The ogre is almost dead.
You barely miss the bullfrog skeleton. The ogre barely misses you.
The bullfrog skeleton hits you.
* * * LOW HITPOINT WARNING * * *
Unknown command.
You hit the ogre but do no damage.
The ogre is almost dead.
You hit the bullfrog skeleton.
The bullfrog skeleton barely misses you.
The ogre hits you with a +0 giant spiked club!
You die...

####### #.....##
##########.8....#
#...............#
#.######.....<..#
#...# ##........#
###.# #8.@.∩...8#
#######.#
#.O.Z(..###
........###..>....#
.##########......###
......Z.........8#
.#.....####...####
#..... ##### #...O.
#.....


You could see an ogre and a bullfrog skeleton.

Vanquished Creatures
  A howler monkey (D:4)
  2 ball pythons
  2 endoplasms
  A giant cockroach (D:1)
  5 goblins (D:1)
  3 hobgoblins (D:1)
  2 kobolds (D:1)
  3 bats (D:1)
  2 frilled lizards (D:1)
  2 rats (D:1)
23 creatures vanquished.

Notes
Turn   | Place    | Note
-------+----------+-------------------------------------------
     0 | D:1      | Zeld the Draconian Monk began the quest for the Orb.
     0 | D:1      | Reached XP level 1. HP: 19/19 MP: 1/1
   173 | D:1      | Reached XP level 2. HP: 19/26 MP: 2/2
   889 | D:2      | You fall into a shaft and drop 2 floors!
   901 | D:4      | Found Eqexukhu's Weapon Boutique.
   938 | D:4      | Noticed a howler monkey
   944 | D:4      | Noticed an ogre
   950 | D:4      | Killed a howler monkey
   951 | D:4      | Reached skill level 4 in Fighting
   951 | D:4      | Reached XP level 3. HP: 33/33 MP: 3/3
   964 | D:4      | Slain by an ogre

Illustrated notes

Levels and vault maps discovered:
D:1:      amcnicky_arrival_single_pillar, layout_basic
D:2:      layout_loops_cross, shapermc_ecumenical_altar_rom_forum,
          minmay_crystal_water
D:4:      layout_basic, serial_shops, nicolae_stop_n_shop_1

Skill      XL: |  1  2 |
---------------+-------+-----
Stealth        | 2 |  2.3
Fighting       | 4 |  4.0
Dodging        | 3 |  3.0
Axes           | |  3.7

Action                   || total
-------------------------++-------
Melee: Hand axe          ||    62
       Tailslap          ||     9
       Punch             ||     1
 Stab: Sleeping          ||     1
Armor: Skin              ||    24
Dodge: Dodged            ||    47
